 Dungeon Crawl Stone Soup version 0.29.1-1-gd02db6906a (webtiles) character file.

Game seed: 12657397674998728704

28 Sabo the Gusty (level 3, 0/16 HPs)
             Began as a Spriggan Air Elementalist on Sept 24, 2022.
             Was a Follower of Sif Muna.
             Succumbed to an adder's poison
             ... on level 2 of the Dungeon.
             The game lasted 00:08:20 (1318 turns).

Sabo the Gusty (Spriggan Air Elementalist)          Turns: 1318, Time: 00:08:20

Health: 0/16       AC:  2    Str:  4    XL:     3   Next: 0%
Magic:  7/8        EV: 17    Int: 18    God:    Sif Muna [*.....]
Gold:   51         SH:  0    Dex: 15    Spells: 7/8 levels left

rFire   . . .      SeeInvis +   m - +0 trident
rCold   . . .      Faith    .   (shield currently unavailable)
rNeg    . . .      Spirit   .   a - +0 robe
rPois   .          Reflect  .   (helmet restricted)
rElec   .          Harm     .   (no cloak)
rCorr   .          Rampage  .   (gloves unavailable)
Will    .....                   (boots unavailable)
Stlth   ++........              (no amulet)
HPRegen 0.05/turn               (no ring)
MPRegen 0.11/turn               (no ring)

@: lethally poisoned (0 -> -4), very quick
A: very small, no large weapons, unfitting armour, see invisible, speed 3
a: Renounce Religion, Channel Magic


You were on level 2 of the Dungeon.
You worshipped Sif Muna.
Sif Muna was aware of your devotion.
You visited 1 branch of the dungeon, and saw 2 of its levels.

You collected 51 gold pieces.

Inventory:

Hand Weapons
 i - a +0 sling
 m - a +0 trident (weapon)
Armour
 a - a +0 robe (worn)
Scrolls
 c - a scroll of identify {unknown}
 h - a scroll of teleportation {unknown}
 j - a scroll of amnesia {unknown}
 k - a scroll of silence {unknown}
 l - a scroll of enchant armour {unknown}
Potions
 b - a potion of magic
 d - a potion of curing {unknown}
 e - 3 potions of ambrosia {unknown}
 f - a potion of might {unknown}
 g - a potion of cancellation {unknown}


   Skills:
 + Level 2.7 Dodging
 + Level 3.0 Stealth
 + Level 3.1 Spellcasting
 + Level 0.7 Conjurations
 + Level 3.5 Air Magic


You had 7 spell levels left.
You knew the following spells:

 Your Spells              Type           Power      Damage    Failure   Level
a - Shock                 Conj/Air       40%        1d5       7%          1

Your spell library contained the following spells:

 Spells                   Type           Power      Damage    Failure   Level
 Static Discharge         Conj/Air       10%        3-5/arc   10%         2
 Swiftness                Air            15%        N/A       12%         3
 Airstrike                Air            7%         2d(2-18)  36%         4


Dungeon Overview and Level Annotations

Branches:
Dungeon (2/15)

Altars:
Sif Muna

Shops:
D:1 (


Innate Abilities, Weirdness & Mutations

You are very small and have problems with some larger weapons.
You are too small for most types of armour.
You have supernaturally acute eyesight. (SInv)
You cover ground extremely quickly. (Speed+++)


Message History

Found a ring mail.
You see here a +0 ring mail.
You open the door.
There is an open door here.
There is an open door here.
An adder comes into view.
The adder hisses angrily.
Casting: Shock (safe; 7% risk of failure)
Confirm with . or Enter, or press ? or * to list all spells.
Aiming: Shock (safe; 7% risk of failure)
Press: ? - help, Shift-Dir - straight line, f - adder
Aim: an adder (48% to hit)
The zap misses the adder.
Casting: Shock (safe; 7% risk of failure)
Confirm with . or Enter, or press ? or * to list all spells.
Aiming: Shock (safe; 7% risk of failure)
Press: ? - help, Shift-Dir - straight line, f/p - adder
Aim: an adder (48% to hit)
The zap misses the adder.
You closely miss the adder. The adder bites you. The adder misses you.
You closely miss the adder. The adder closely misses you. The adder bites you.
You are poisoned.
The adder poisons you!
You barely miss the adder.
You feel sick. The adder completely misses you.
You barely miss the adder.
You feel sick. The adder barely misses you. x2
You miss the adder.
You feel sick.
You are no longer poisoned.
The adder barely misses you. The adder closely misses you.
You hit the adder.
The adder is moderately wounded.
The adder completely misses you.
You barely miss the adder.
The adder is moderately wounded.
The adder barely misses you. The adder bites you.
* * * LOW HITPOINT WARNING * * *
You are lethally poisoned!
The adder poisons you!
You closely miss the adder.
The adder is moderately wounded.
You die...

#......###......#.#.#.....
#.#######......##.####>##.
#.#######..##.###...#.....
#.................#.#..##.
#########..##.###.#†......
#..##.#...........
#..#....##........
#..#....##...#.##.
#@.#..............
#...S.................
#...........##...#.###
#.......##.###...#....
.......####.###........
###.#........#.......#..
#.+........+<......# #
#........#.......#.#
.......<.........#


You could see an adder.

Vanquished Creatures
  2 dart slugs (D:1)
  4 ball pythons (D:1)
  2 endoplasms (D:1)
  3 goblins (D:1)
  2 hobgoblins
  3 kobolds (D:1)
  2 quokkas (D:1)
  A frilled lizard (D:1)
  2 rats (D:1)
21 creatures vanquished.

Notes
Turn   | Place    | Note
-------+----------+-------------------------------------------
     0 | D:1      | Sabo the Spriggan Air Elementalist began the quest for the
                  | Orb.
     0 | D:1      | Reached XP level 1. HP: 9/9 MP: 5/5
   256 | D:1      | Found Lanene Osuo's Weapon Shop.
   270 | D:1      | Reached XP level 2. HP: 13/13 MP: 3/6
   341 | D:1      | Found a faded altar of an unknown god.
   427 | D:1      | Prayed at the altar of an unknown god.
   427 | D:1      | Became a worshipper of Sif Muna the Loreminder
   427 | D:1      | Reached * piety under Sif Muna
  1138 | D:2      | Reached XP level 3. HP: 16/16 MP: 2/8
  1318 | D:2      | Succumbed to an adder's poison

Illustrated notes

Levels and vault maps discovered:
D:1:      amcnicky_arrival_single_pillar, layout_basic, serial_shops,
          nicolae_diamond_shop, ebering_ecumenical_altar_box
D:2:      cheibrodos_pilgrimage, layout_basic, kennysheep_generic_room_5

Skill      XL: |  1  2 |
---------------+-------+-----
Air Magic      | 3 |  3.5
Spellcasting   | 3 |  3.1
Dodging        | |  2.7
Stealth        | |  3.0
Conjurations   | |  0.7

Action                   || total
-------------------------++-------
Melee: Dagger            ||     5
       Trident           ||    10
 Cast: Shock             ||    46
Armor: Robe              ||     1
Dodge: Dodged            ||    13
